Map: Catalyst LE

Players

Badslinkie

  • Race: Terran Terran
  • League: Diamond
  • Spawn Location: 11:00

Riscky - Winner!

  • Race: Zerg Zerg
  • League: Diamond
  • Spawn Location: 5:00

VOD

Have the link to the VOD?

Description

Time

  • Played on: March 16, 2018, 7:50 p.m.
  • Length: 7:34
Show
View Real Time Build Order
Export as new Build Order

Badslinkie Terran 

Build Orders: Reaper Expand 

Get SALT Encoding   

  12  0:00  SCV  
  13  0:13  SCV  
  14  0:17  Supply Depot  
  14  0:25  SCV  
  15  0:39  SCV  
  15  0:40  Barracks  
  16  0:46  Refinery  
  16  0:51  SCV  
  17  1:03  SCV  
  18  1:15  SCV  
  19  1:34  Reaper  
  20  1:42  Command Center  
  20  1:45  Orbital Command  
  20  2:01  Bunker  
  20  2:03  Refinery  
  20  2:07  Barracks Reactor  
  20  2:10  Supply Depot  
  20  2:12  Engineering Bay  
  20  2:19  SCV  
  21  2:32  SCV  
  21  2:33  Bunker  
  22  2:44  Marine x2, SCV  
  25  2:56  SCV  
  25  2:58  Engineering Bay  
  26  3:02  Marine x2  
  28  3:08  SCV  
  29  3:20  Marine, SCV  
  31  3:42  Factory  
  31  3:49  Marine  
  31  3:53  Bunker  
  31  3:58  Marine  
  31  4:00  SCV  
  31  4:07  Bunker  
  27  4:12  SCV  
  26  4:22  Barracks  
  26  4:24  Marine, Command Center  
  26  4:25  SCV  
  28  4:43  Supply Depot x2  
  28  4:50  Supply Depot  
  28  4:53  Supply Depot  
  28  5:05  Cyclone, SCV  
  31  5:11  Marine x2  
  33  5:17  SCV  
  32  5:29  SCV  
  32  5:41  SCV  
  31  5:50  Cyclone  
  31  5:52  Orbital Command  
  31  5:54  SCV  
  35  6:09  Marine  
  34  6:11  Orbital Command  
  34  6:17  Starport, Barracks  
  34  6:37  SCV x2  
  36  6:44  Marine  
  37  6:49  SCV x2  
  39  6:59  Starport Reactor  
  39  7:00  Factory Tech Lab  
  39  7:01  SCV x2  
  41  7:06  Barracks Reactor x2, Supply Depot  
  41  7:07  Supply Depot  
  41  7:10  Barracks  
  41  7:13  Barracks  
Show
View Real Time Build Order
Export as new Build Order

Riscky Zerg - Winner!

Build Orders: Pool First, Ravager Aggression 

Get SALT Encoding   

  12  0:00  Drone  
  13  0:12  Overlord  
  13  0:16  Drone  
  14  0:27  Extractor  
  13  0:29  Drone  
  13  0:30  Drone  
  15  0:36  Drone  
  16  0:47  Spawning Pool  
  15  0:51  Drone  
  15  0:55  Drone  
  17  1:06  Drone  
  18  1:16  Overlord  
  18  1:36  Roach Warren, Queen  
  18  1:37  Drone  
  18  1:38  Drone  
  21  1:48  Overlord  
  21  2:16  Roach x2  
  21  2:21  Roach  
  27  2:28  Queen  
  29  2:32  Drone  
  30  2:37  Ravager  
  30  2:38  Ravager  
  33  2:44  Ravager  
  33  3:38  Hatchery  
  32  4:27  Drone x6  
  32  4:29  Overlord x4  
  38  4:51  Hatchery, Drone  
  38  4:52  Drone x3  
  41  5:16  Drone x6  
  41  5:19  Metabolic Boost  
  47  5:29  Spore Crawler  
  47  5:30  Spore Crawler  
  45  5:37  Spine Crawler  
  45  5:38  Spine Crawler  
  39  5:56  Drone x11  
  47  6:06  Zergling x2  
  47  6:07  Zergling x8  
  47  6:11  Queen x3  
  49  6:16  Spine Crawler  
  54  6:18  Extractor  
  54  6:19  Extractor  
  54  6:25  Zergling x12  
  58  6:30  Extractor  
  57  6:35  Overlord x2  
  58  6:40  Drone  
  58  6:42  Drone  
  58  6:45  Zergling x2  
  60  6:53  Zergling x8  
  64  7:06  Spore Crawler, Drone  
  64  7:07  Drone x7  
Tags
 
Add a new tag
Caveats
  • Supply blocks, unpowered buildings, or Contaminate may cause inaccurate times.
  • Supply counts are checked every 10 seconds.